 Dungeon Crawl Stone Soup version 0.27.1-1-g398f81649c (webtiles) character file.

Game seed: 6400017875219026725

5793 Autumnman the Cleaver (level 10, -12/133 HPs)
             Began as a Minotaur Berserker on Sept 10, 2021.
             Was a High Priest of Trog.
             Mangled by an orc knight (13 damage)
             ... on level 1 of the Orcish Mines.
             The game lasted 00:29:51 (9505 turns).

Autumnman the Cleaver (Minotaur Berserker)          Turns: 9505, Time: 00:29:51

Health: -12/133    AC: 17    Str: 25    XL:     10   Next: 50%
Magic:  0/9        EV: 16    Int:  4    God:    Trog [*****.]
Gold:   556        SH:  0    Dex: 10    Spells: 9/9 levels left

rFire    . . .     SeeInvis .   z - +0 battleaxe
rCold    . . .     Faith    .   (shield currently unavailable)
rNeg     . . .     Spirit   +   o - +4 scale mail of the Circus Animal {+Inv rCorr}
rPois    .         Reflect  .   (helmet restricted)
rElec    .         Harm     .   p - +2 cloak
rCorr    +         Rampage  .   (no gloves)
Will     .....                  E - +0 pair of boots
Stlth    ..........             c - amulet of guardian spirit
HPRegen  0.32/turn              w - ring of flight
MPRegen  0.11/turn              y - +4 ring of evasion

@: confused, berserking (expiring), flying, very quick
A: horns 2, retaliatory headbutt
a: Renounce Religion, Evoke Invisibility, Berserk, Trog's Hand, Brothers in Arms


You were on level 1 of the Orcish Mines.
You worshipped Trog.
Trog was extremely pleased with you.
You visited 2 branches of the dungeon, and saw 10 of its levels.

You collected 556 gold pieces.

Inventory:

Hand Weapons
 n - a +0 whip
 q - a +3 vampiric short sword
 z - a +0 battleaxe (weapon)
Armour
 j - a +0 plate armour
 k - a scarf of harm
 o - the +4 scale mail of the Circus Animal (worn) {+Inv rCorr}
   (You found it on level 7 of the Dungeon)

   +Inv:      It lets you turn invisible.
   rCorr:     It protects you from acid and corrosion.
 p - a +2 cloak (worn)
 E - a +0 pair of boots (worn)
Jewellery
 c - an amulet of guardian spirit (around neck)
 w - a ring of flight (left hand)
 y - a +4 ring of evasion (right hand)
Wands
 C - a wand of flame (20)
 D - a wand of polymorph (3)
Scrolls
 a - a scroll of summoning {unknown}
 h - a scroll of silence
 i - 11 scrolls of identify
 t - 2 scrolls of fog
 A - a scroll of amnesia
 B - a scroll of noise
Potions
 b - a potion of cancellation {unknown}
 d - a potion of attraction
 e - a potion of lignification {unknown}
 f - 2 potions of might {unknown}
 g - a potion of berserk rage {unknown}
 l - a potion of mutation {unknown}
 m - a potion of brilliance {unknown}
 r - 2 potions of heal wounds {unknown}
 s - 6 potions of curing {unknown}
 u - 2 potions of magic {unknown}
 v - a potion of invisibility
 x - a potion of degeneration {unknown}
 F - 2 potions of flight {unknown}


   Skills:
 + Level 8.3 Fighting
 + Level 12.3 Axes
 * Level 10.8 Armour
 + Level 5.9 Dodging
 - Level 1.3 Stealth


You had 9 spell levels left.
You didn't know any spells.
Your spell library contained the following spells:

 Spells                   Type           Power      Damage    Failure   Level
 Passwall                 Tmut/Erth      0%         N/A       86%         2
 Swiftness                Air            0%         N/A       98%         3
 Invisibility             Hex            0%         N/A       100%        6


Dungeon Overview and Level Annotations

Branches:
Dungeon (9/15)             Temple (0/1) D:6             Orc (1/2) D:9
   Lair: D:8-11

Altars:
Makhleb
Okawaru
Qazlal
Sif Muna
Trog
Uskayaw
Vehumet
Wu Jian
Xom
Yredelemnul
Zin

Shops:
D:3 !=?*!   D:9 (

Annotations:
D:8 2 transporters, Skiberibeda's ghost, novice TrMo


Innate Abilities, Weirdness & Mutations

You have a pair of horns on your head.
You reflexively headbutt those who attack you in melee.


Message History

You slash the orc warrior! You barely miss something.
An orc warrior comes into view. It is wielding a +0 war axe.
The orc wizard casts a spell at you.
You are confused.
Something barely misses you.
You slice the orc warrior!!
You kill the orc warrior!
Trog accepts your kill.
You miss something. You barely miss the orc knight.
The orc knight roars a battlecry!
The orcs go into a battle-frenzy!
Something hits you but does no damage.
The orc knight hits you from afar with a +3 bardiche!!
An orc comes into view. It is wielding a +0 club.
You feel a strong urge to attack something.
The orc shouts!
You hear some strange, mumbled words.
A puff of flame appears from out of thin air!
The puff of flame misses you.
The orc moves out of view.
An orc warrior comes into view.
It is wielding a +0 flail and quivering boomerangs of dispersal.
The orc warrior shouts!
You slash the orc!
You kill the orc!
Trog accepts your kill.
You barely miss the orc wizard.
The orc knight hits you from afar with a +3 bardiche!!
You closely miss the orc priest. You hit the orc wizard.
The orc knight hits you from afar with a +3 bardiche!!
* * * LOW HITPOINT WARNING * * *
The orc wizard points at you and mumbles some strange words.
The magic dart hits you.
* * * LOW HITPOINT WARNING * * *
The orc priest hits you with a +0 dagger!
* * * LOW HITPOINT WARNING * * *
You hear a shout!
You hear some strange, mumbled words.
A magic dart appears from out of thin air!
The magic dart hits you but does no damage.
The orc wizard barely misses you.
The orc knight hits you from afar with a +3 bardiche!
You die...

##.....^......#
##.#............
.................
.#............#..
..#..............
.#.........>.....
.................
......oo@)o......
#......o.{.......
.$o.#...).)......
.. #..........#.
.o.............
................
#..##.#........#.
### ###.......##
##..##.##


You could see an orc knight, 2 orc warriors, an orc priest (strong), an orc
wizard (strong) and an orc.

Vanquished Creatures
  Pikel (D:4)
  An ugly thing (D:9)
  A gargoyle (D:8)
  A wyvern (D:7)
  5 yaks (D:9)
  Eustachio (D:5)
  2 steam dragons
  Menkaure (D:4)
  Duvessa (D:5)
  2 water moccasins
  7 orc warriors
  A sky beast (D:6)
  2 ice beasts
  An ogre (D:6)
  A lemure (D:4)
  A kobold brigand (D:9)
  A phantom (D:6)
  3 bullfrogs
  Dowan (D:5)
  3 killer bees (D:7)
  12 wights
  Crazy Yiuf (D:3)
  A centaur zombie (D:8)
  2 hounds
  A jelly (D:7)
  6 orc priests
  Ijyb (D:4)
  An iguana (D:6)
  A scorpion zombie (D:5)
  Natasha (twice) (D:2)
  11 orc wizards
  A howler monkey zombie (D:9)
  6 adders
  2 white imps
  An ufetubus (D:4)
  2 worms
  3 dart slugs
  38 orcs
  5 endoplasms
  4 giant cockroaches
  8 goblins
  6 hobgoblins
  A jackal (D:3)
  6 quokkas
  3 ball pythons
  7 bats
  3 frilled lizards
  13 kobolds
  4 rats
189 creatures vanquished.

Notes
Turn   | Place    | Note
-------+----------+-------------------------------------------
     0 | D:1      | Autumnman the Minotaur Berserker began the quest for the
                  | Orb.
     0 | D:1      | Reached XP level 1. HP: 19/19 MP: 0/0
   268 | D:1      | HP: 1/20 [kobold (4)]
   639 | D:1      | Reached XP level 2. HP: 22/27 MP: 1/1
   864 | D:1      | Reached skill level 4 in Axes
  1354 | D:2      | Found a glowing silver altar of Zin.
  1358 | D:2      | Reached XP level 3. HP: 33/33 MP: 2/2
  1709 | D:2      | Noticed Natasha
  1712 | D:2      | Killed Natasha
  1712 | D:2      | Reached ** piety under Trog
  1713 | D:2      | Reached XP level 4. HP: 38/41 MP: 3/3
  2201 | D:2      | Found a faded altar of an unknown god.
  2363 | D:2      | Noticed Natasha
  2372 | D:2      | Killed Natasha
  2373 | D:2      | Reached skill level 5 in Axes
  2608 | D:3      | Reached XP level 5. HP: 46/47 MP: 4/4
  2634 | D:3      | Found a stormy altar of Qazlal.
  2981 | D:3      | Found Zeak's General Store.
  2990 | D:3      | You fall into a shaft and drop 1 floor!
  3056 | D:4      | Noticed a lemure
  3069 | D:4      | Killed a lemure
  3070 | D:4      | Noticed a lemure
  3070 | D:4      | Noticed a lemure
  3071 | D:4      | Noticed Pikel
  3071 | D:4      | Noticed a lemure
  3072 | D:4      | Noticed Menkaure
  3079 | D:4      | Killed Pikel
  3080 | D:4      | Reached skill level 5 in Fighting
  3080 | D:4      | Reached skill level 6 in Axes
  3080 | D:4      | Reached skill level 5 in Armour
  3080 | D:4      | Reached XP level 6. HP: 26/56 MP: 2/5
  3080 | D:4      | Reached XP level 7. HP: 29/61 MP: 2/6
  3080 | D:4      | Killed Menkaure
  3287 | D:4      | Found a shimmering altar of Xom.
  3365 | D:4      | Reached skill level 1 in Stealth
  3568 | D:4      | Noticed Ijyb
  3577 | D:4      | Killed Ijyb
  3635 | D:3      | Found a hide-covered altar of Uskayaw.
  3635 | D:3      | Found an ornate altar of the Wu Jian Council.
  3635 | D:3      | Found a burning altar of Makhleb.
  3635 | D:3      | Found a radiant altar of Vehumet.
  3706 | D:3      | Found Quemn's Magic Scroll Emporium.
  3759 | D:3      | Found Kacenuik's Distillery.
  3770 | D:3      | Found Fipsyser's Jewellery Boutique.
  3885 | D:3      | Found Wadeysk's Distillery.
  4028 | D:3      | Found a runed translucent door.
  4029 | D:3      | Noticed Crazy Yiuf
  4041 | D:3      | Killed Crazy Yiuf
  4042 | D:3      | Reached skill level 7 in Axes
  4123 | D:3      | Reached *** piety under Trog
  4594 | D:5      | Entered Level 5 of the Dungeon
  4628 | D:5      | Noticed Eustachio
  4649 | D:5      | Killed Eustachio
  4650 | D:5      | Reached XP level 8. HP: 63/69 MP: 7/7
  4700 | D:5      | Noticed Duvessa
  4700 | D:5      | Noticed Dowan
  4705 | D:5      | Killed Duvessa
  4711 | D:5      | Killed Dowan
  4820 | D:5      | Found an iron altar of Okawaru.
  5500 | D:6      | Found a staircase to the Ecumenical Temple.
  5548 | D:6      | Reached skill level 5 in Dodging
  5818 | D:6      | Reached skill level 8 in Axes
  6239 | D:7      | Reached XP level 9. HP: 70/78 MP: 6/8
  6379 | D:7      | Reached skill level 9 in Axes
  6629 | D:7      | Identified the +4 scale mail of the Circus Animal {+Inv
                  | rCorr}
  6737 | D:7      | Found a shimmering blue altar of Sif Muna.
  6766 | D:7      | Found a bloodstained altar of Trog.
  6774 | D:7      | Reached **** piety under Trog
  7274 | D:8      | Reached skill level 10 in Axes
  7277 | D:8      | Noticed a gargoyle
  7281 | D:8      | Killed a gargoyle
  7291 | D:8      | Reached skill level 10 in Armour
  7569 | D:8      | Found a basalt altar of Yredelemnul.
  7644 | D:8      | Found a transporter.
  7646 | D:8      | Found a transporter.
  7648 | D:8      | Noticed Skiberibeda's ghost (novice TrMo)
  7676 | D:8      | Reached skill level 11 in Axes
  7817 | D:8      | Noticed a queen bee
  8302 | D:9      | Reached XP level 10. HP: 88/88 MP: 9/9
  8302 | D:9      | Noticed a green ugly thing
  8311 | D:9      | Killed a green ugly thing
  8439 | D:9      | Reached skill level 12 in Axes
  8739 | D:9      | Found a staircase to the Orcish Mines.
  9071 | D:9      | Reached ***** piety under Trog
  9239 | D:9      | Found Qimnel's Firing Range.
  9492 | Orc:1    | Entered Level 1 of the Orcish Mines
  9492 | Orc:1    | Noticed an orc knight
  9504 | Orc:1    | HP: 1/133 [orc priest (7)]
  9505 | Orc:1    | Mangled by an orc knight

Illustrated notes

Levels and vault maps discovered:
D:1:      dpeg_arrival_rooms_b, layout_rooms, roderic_serpentine_path
D:2:      layout_loops_corners, basic_ecumenical_altar, minmay_hexomino_r4,
          uniq_natasha
D:3:      layout_basic, nicolae_overflow_hidden_temple, serial_shops, shop,
          shop_statue, nicolae_shop_competitors_out_of_business,
          nicolae_shop_crystal, shop, minmay_misc_feat_doors,
          minmay_pentomino_pile, uniq_crazy_yiuf_cottage
D:4:      layout_loops_ring, kennysheep_mini_moat, glass_columns_a,
          uniq_menkaure, uniq_ijyb, uniq_pikel
D:5:      layout_rooms, overflow_temple_1_default, uniq_eustachio, uniq_duvessa
D:6:      layout_basic, minmay_temple_entry_stoned_glass
D:7:      layout_cave_pools, nzn_overflow_gifts_of_might_and_magic
D:8:      layout_cave_pods, mainiacjoe_overflow_six_doors_small,
          gammafunk_ghost_hive, enter_ossuary_2, minmay_quadrilaterals
D:9:      layout_cave_pods, david_orc_3, grunt_ministairs_12,
          nicolae_shop_firing_range
Orc:1:    layout_caves, basic_altar

Skill      XL: |  1  2  3  4  5  6  7  8  9 10 |
---------------+-------------------------------+-----
Fighting       | 4 5 6 7 8 |  8.3
Axes           | 4 5 6 7 8 11 12 | 12.3
Armour         | 3 5 7 9 10 | 10.8
Dodging        | 3 4 5 |  5.9
Stealth        | 1 |  1.3

Action                   |  1- 3 |  4- 6 |  7- 9 | 10-12 || total
-------------------------+-------+-------+-------+-------++-------
Melee: Hand axe          |    93 |    51 |   137 |       ||   281
       Headbutt          |    12 |    11 |    45 |    13 ||    81
       Battleaxe         |       |       |   135 |    78 ||   213
Invok: Berserk           |     2 |     1 |    12 |     3 ||    18
  Use: Scroll            |       |     6 |     6 |       ||    12
Armor: Animal skin       |    17 |       |       |       ||    17
       Leather armour    |     2 |     2 |       |       ||     4
       Scale mail        |       |    25 |   117 |    27 ||   169
Dodge: Dodged            |    58 |    31 |   162 |    50 ||   301
